 Dungeon Crawl Stone Soup version 0.25-a0-435-g4b9beb1024 (webtiles) character file.

Game seed: 15180455315336855937, levelgen mode: deterministic

912 MisterFreud the Changer (level 7, 0/58 HPs)
             Began as a Green Draconian Transmuter on Jan 28, 2020.
             Was an Initiate of Ru.
             Slain by a worker ant (3 damage)
             ... while paralysed by Grinder
             ... on level 5 of the Dungeon.
             The game lasted 00:10:46 (5125 turns).

MisterFreud the Changer (DrTm)                      Turns: 5125, Time: 00:10:47

Health: 0/58       AC:  2    Str: 12    XL:     7   Next: 82%
Magic:  12/13      EV:  5    Int: 13    God:    Ru [......]
Gold:   185        SH:  0    Dex: 19    Spells: 8/14 levels left

rFire    + . .     SeeInvis .     - Unarmed
rCold    . . .     Gourm    .   (shield currently unavailable)
rNeg     . . .     Faith    .   (armour unavailable)
rPois    x         Spirit   .   (helmet currently unavailable)
rElec    .         Reflect  .   (cloak currently unavailable)
rCorr    .         Harm     .   (gloves currently unavailable)
MR       .....                  (boots currently unavailable)
Stlth    ++........             (no amulet)
HPRegen  0.19/turn              u - ring of protection from fire
MPRegen  0.13/turn              (no ring)

@: paralysed, lethally poisoned (0 -> -10), spider-form (expiring)
A: tiny, (breathe noxious fumes), unfitting armour, AC +6
a: End Transformation, Renounce Religion


You were on level 5 of the Dungeon.
You worshipped Ru.
Ru was noncommittal.
You were not hungry.
You were a venomous arachnid creature.
You visited 2 branches of the dungeon, and saw 6 of its levels.

You collected 185 gold pieces.

Inventory:

Missiles
 a - 44 arrows
 d - 28 sling bullets
 g - 129 stones (quivered)
 o - 3 boomerangs
 v - 38 bolts
Armour
 r - a +0 pair of boots (melded)
 y - a +0 cloak (melded)
Jewellery
 t - an uncursed ring of fire
 u - a ring of protection from fire (left front leg)
Wands
 w - a wand of enslavement (2)
Scrolls
 b - 2 scrolls of fog
 f - a scroll of magic mapping {unknown}
 k - a scroll of enchant weapon {unknown}
 n - 2 scrolls of remove curse
 p - a scroll of immolation {unknown}
Potions
 e - 3 potions of curing
 h - a potion of agility {unknown}
 i - 2 potions of heal wounds
 j - a potion of berserk rage {unknown}
 m - a potion of might {unknown}
 q - 2 potions of lignification
 s - a potion of flight {unknown}
 x - 2 potions of ambrosia {unknown}
Comestibles
 c - 6 rations
 l - 5 chunks of flesh


   Skills:
 + Level 3.7 Fighting
 - Level 1.7 Dodging
 + Level 4.5 Unarmed Combat
 - Level 4.2 Spellcasting
 - Level 6.5 Transmutations


You had 8 spell levels left.
You knew the following spells:

 Your Spells              Type           Power        Failure   Level  Hunger
a - Beastly Appendage     Tmut           ###...       6%          1    None
b - Sticks to Snakes      Tmut           ###.....     9%          2    ##.....
c - Spider Form           Tmut/Pois      ##........   34%         3    ###....

Your spell library contained the following spells:

 Spells                   Type           Power        Failure   Level  Hunger
 Blade Hands              Tmut           ###.......   58%         5    ######.
 Ice Form                 Ice/Tmut       ##......     69%         4    ####...


Dungeon Overview and Level Annotations

Branches:
Dungeon (5/15)             Temple (1/1) D:4

Altars:
Ashenzari
Cheibriados
Dithmenos
Elyvilon
Fedhas
Gozag
Hepliaklqana
Makhleb
Nemelex Xobeh
Okawaru
Qazlal
Ru
Sif Muna
Trog
Uskayaw
Vehumet
Wu Jian
Xom
Zin

Annotations:
D:5 Grinder


Innate Abilities, Weirdness & Mutations

((You can breathe blasts of noxious fumes.))
((Your lurid green scales are hard. (AC +6)))
You cannot fit into any form of body armour.
((Your system is resistant to poisons. (rPois)))
((You are cold-blooded and may be slowed by cold attacks.))


Message History

The worker ant barely misses you. The worker ant bites you.
* * * LOW HITPOINT WARNING * * *
You are lethally poisoned!
The worker ant poisons you!
Your transformation is almost over.
* * * LOW HITPOINT WARNING * * *
You feel sick.
An orc warrior comes into view. It is wielding a +0 glaive.
Grinder gestures at you.
You shrug off the repeated paralysis!
The worker ant barely misses you.
Some of the chunks of flesh in your inventory have rotted away.
* * * LOW HITPOINT WARNING * * *
You feel sick. The worker ant bites you.
* * * LOW HITPOINT WARNING * * *
* * * LOW HITPOINT WARNING * * *
You feel sick.
The orc warrior shouts!
You hear a shout!
The worker ant bites you.
You die...

#### ## ##########..##
.># ##..##..##....##
....
#....#...#.....###...#
#....##...............
##..##......5......#
##.................##
##))............##...#
..##............s...)#
..)).............a?..#
........................
.......)..o......##.....
.............##..# ...##
....#.......####.. ...#
.#..##.##... #.. ...
.#.....# #.# #.. ...
.....#.#


You could see Grinder, an orc warrior and a worker ant.

Vanquished Creatures
  Eustachio (D:4)
  A centaur (D:5)
  A water moccasin skeleton (D:5)
  A howler monkey (D:4)
  7 orc wizards
  Crazy Yiuf (D:4)
  4 orc priests
  A hound (D:4)
  A worker ant (D:2)
  2 gnolls
  8 adders
  2 shadow imps
  An ooze (D:4)
  3 worms
  2 dart slugs
  4 leopard geckos
  13 orcs
  A ball python (D:3)
  6 giant cockroaches
  7 hobgoblins
  4 jackals
  9 kobolds
  5 quokkas
  9 bats
  5 frilled lizards
  11 goblins
  A leopard gecko skeleton (D:5)
  A quokka skeleton (D:3)
  8 rats
120 creatures vanquished.

Notes
Turn   | Place    | Note
-------+----------+-------------------------------------------
     0 | D:1      | MisterFreud the Draconian Transmuter began the quest for
                  | the Orb.
     0 | D:1      | Reached XP level 1. HP: 16/16 MP: 3/3
   162 | D:1      | Reached XP level 2. HP: 18/23 MP: 3/5
   166 | D:1      | Learned a level 2 spell: Sticks to Snakes
   709 | D:1      | Reached skill level 3 in Transmutations
   878 | D:1      | Reached XP level 3. HP: 27/28 MP: 4/6
   883 | D:1      | Learned a level 3 spell: Spider Form
  1471 | D:2      | Reached XP level 4. HP: 27/35 MP: 4/8
  1987 | D:2      | Reached skill level 4 in Transmutations
  2544 | D:3      | Found a sparkling altar of Nemelex Xobeh.
  2645 | D:2      | Reached XP level 5. HP: 33/40 MP: 0/9
  3111 | D:3      | Reached skill level 5 in Transmutations
  3476 | D:4      | Reached XP level 6. HP: 25/47 MP: 5/11
  3939 | D:4      | Found a staircase to the Ecumenical Temple.
  3946 | D:4      | Noticed Eustachio
  3992 | D:4      | Killed Eustachio
  3992 | D:4      | Reached skill level 6 in Transmutations
  3992 | D:4      | Your scales start taking on a lurid green colour.
  3992 | D:4      | Reached XP level 7. HP: 43/52 MP: 8/13
  3992 | D:4      | Gained mutation: Your system is resistant to poisons.
                  | (rPois) [Green Draconian growth]
  4006 | Temple   | Entered the Ecumenical Temple
  4015 | Temple   | Became a worshipper of Ru the Awakened
  4451 | D:4      | Found a runed translucent door.
  4452 | D:4      | Noticed Crazy Yiuf
  4468 | D:4      | Killed Crazy Yiuf
  4625 | D:5      | Entered Level 5 of the Dungeon
  5108 | D:5      | Noticed Grinder
  5118 | D:5      | Paralysed by Grinder for 7 turns
  5125 | D:5      | Slain by a worker ant

Levels and vault maps discovered:
D:1:      dpeg_arrival_line_fractal, layout_loops_corners
D:2:      layout_loops_cross
D:3:      layout_basic, nemelex_altar_shiori
D:4:      layout_loops_ring, minmay_temple_entry_ruins, grunt_ministairs_15,
          uniq_eustachio, uniq_crazy_yiuf_cottage
D:5:      layout_cave_pools, first_ration, uniq_grinder
Temple:   nicolae_temple_no_exploring_needed

Skill      XL: |  1  2  3  4  5  6  7 |
---------------+----------------------+-----
Transmutations | 3 4 5 6 |  6.5
Spellcasting   | 3 4 |  4.2
Fighting       | 3 |  3.7
Unarmed Combat | 4 |  4.5
Dodging        | |  1.7

Action                   |  1- 3 |  4- 6 |  7- 9 || total
-------------------------+-------+-------+-------++-------
Melee: Unarmed           |   128 |   173 |    99 ||   400
       Tailslap          |    13 |     9 |     3 ||    25
       Kick              |     3 |       |       ||     3
       Headbutt          |     2 |       |       ||     2
       Punch             |     1 |       |       ||     1
 Cast: Beastly Appendage |    16 |       |       ||    16
       Spider Form       |     2 |    17 |     9 ||    28
       Sticks to Snakes  |       |     1 |       ||     1
 Abil: End Transformatio |       |     1 |     1 ||     2
  Use: Scroll            |       |     5 |       ||     5
       Potion            |       |       |     1 ||     1
 Stab: Sleeping          |       |     2 |       ||     2
       Distracted        |       |     1 |       ||     1
  Eat: Chunk             |     2 |    11 |     5 ||    18
Armor: Skin              |    47 |    30 |     7 ||    84
Dodge: Dodged            |    95 |   118 |    92 ||   305

Table legend:
 A = Non-vault XP
 B = Vault XP
 C = Vault XP percentage of total XP
 D = Non-vault monster count
 E = Vault monster count
 F = Vault count percentage of total count
                 A         B        C        D         E       F
            +---------+---------+-------+---------+---------+-------
      Total |    1059 |     244 |  18.7 |     118 |       2 |   1.7
            +---------+---------+-------+---------+---------+-------
        D:1 |      57 |       0 |   0.0 |      34 |       0 |   0.0
        D:2 |     142 |       0 |   0.0 |      28 |       0 |   0.0
        D:3 |     134 |       0 |   0.0 |      21 |       0 |   0.0
        D:4 |     432 |     244 |  36.1 |      19 |       2 |   9.5
        D:5 |     288 |       0 |   0.0 |      14 |       0 |   0.0
     Temple |       6 |       0 |   0.0 |       2 |       0 |   0.0
            +---------+---------+-------+---------+---------+-------
